[Event "Titled Tuesday Blitz July 18 Early 2023"]
[White "Matinian, Nikita"]
[Black "Nunez V, Gustavo Eduardo"]
[WhiteFideId "24129100"]
[BlackFideId "4403690"]
[WhiteElo "2707"]
[BlackElo "2460"]
[Result "1-0"]
[Round "2"]
[TimeControl "180+2"]
[Date "2023.07.18"]
[WhiteClock "0:01:00"]
[BlackClock "0:00:05"]
[Board "79"]

1. e4 c5 2. Nf3 Nc6 3. Bb5 g6 4. O-O Bg7 5. d3 e5 6. a3 Nge7 7. b4 cxb4 8. axb4 Nxb4 9. Ba3 Nbc6 10. Bd6 O-O 11. Nc3 a6 12. Bc4 h6 13. h4 Kh7 14. h5 g5 15. Nh2 f5 16. exf5 Rxf5 17. Ng4 Ng8 18. d4 Kh8 19. dxe5 Nxe5 20. Bxe5 Bxe5 21. Bd3 d6 22. Bxf5 Bxf5 23. Nxe5 dxe5 24. Qe2 Qc7 25. Nb5 Qc5 26. Rfe1 Re8 27. Na3 Nf6 28. Nc4 e4 29. Ra5 Qc8 30. Nd6 Qd8 31. Nf7+ Kg7 32. Nxd8 Bg4 33. Qd2 Bxh5 34. Nxb7 Bf7 35. Rxa6 Rb8 36. Rxf6 Rxb7 37. Qd4 Re7 38. Re6+ Kf8 39. Rxe7 Kxe7 40. Rxe4+ Kf8 41. Qf6 Kg8 42. Re7 h5 43. Qxf7+ Kh8 44. Qh7# 1-0


[Site "https://www.chess.com"]

[Event "Titled Tuesday Blitz July 18 Early 2023"]
[White "Ai, Evan"]
[Black "Atakhan, Abtin"]
[WhiteFideId "2094770"]
[BlackFideId "22502203"]
[WhiteElo "2449"]
[BlackElo "2707"]
[Result "0-1"]
[Round "2"]
[TimeControl "180+2"]
[Date "2023.07.18"]
[WhiteClock "0:01:02"]
[BlackClock "0:00:54"]
[Board "80"]

1. d4 d5 2. c4 c6 3. cxd5 cxd5 4. Nc3 Nf6 5. Bf4 Nc6 6. e3 Bf5 7. Nf3 e6 8. Bd3 Bxd3 9. Qxd3 Be7 10. O-O O-O 11. Rac1 Qb6 12. Na4 Qb4 13. b3 Ne4 14. Ne5 Nxe5 15. Bxe5 b5 16. Nc3 Nxc3 17. Qxc3 Qxc3 18. Rxc3 Ba3 19. b4 Bxb4 20. Rb3 a5 21. a3 Be7 22. Rxb5 Bxa3 23. Ra1 Bb4 24. Bc7 Rfc8 25. Bb6 Rab8 26. h4 h5 27. Rbxa5 Rxb6 28. Ra8 Rc6 29. Kh2 Kh7 30. R8a7 R8c7 31. g3 Kg6 32. R7a4 Bd6 33. Kh3 Rc2 34. f3 Rb2 35. R4a2 Rb3 36. Re1 Rcc3 37. Rae2 Rd3 38. g4 hxg4+ 39. Kxg4 Bb4 40. Rg1 Kf6 41. e4 Rxf3 42. exd5 exd5 43. Re5 Bd6 44. Rxd5 Rf4+ 45. Kh5 g6+ 0-1


[Site "https://www.chess.com"]

[Event "Titled Tuesday Blitz July 18 Early 2023"]
[White "Basso, Pier Luigi"]
[Black "Sathish, Pranav"]
[WhiteFideId "866970"]
[BlackFideId "30967538"]
[WhiteElo "2700"]
[BlackElo "2449"]
[Result "1-0"]
[Round "2"]
[TimeControl "180+2"]
[Date "2023.07.18"]
[WhiteClock "0:00:17"]
[BlackClock "0:00:10"]
[Board "81"]

1. d4 d5 2. c4 c6 3. Nf3 Nf6 4. Nc3 dxc4 5. a4 Bf5 6. Ne5 Nbd7 7. Nxc4 Nb6 8. Ne5 a5 9. e3 e6 10. Bd3 Bxd3 11. Nxd3 Be7 12. O-O O-O 13. Qb3 Nbd5 14. Bd2 Nb4 15. Ne5 Rb8 16. Rfd1 Qc7 17. Rac1 Bd6 18. Nb5 Qe7 19. Nxd6 Qxd6 20. Nc4 Qe7 21. Nxa5 Nbd5 22. Nc4 Ne4 23. Be1 Kh8 24. a5 f5 25. f3 Nef6 26. Qa3 Qf7 27. Ne5 Qh5 28. Bf2 g5 29. Qd6 g4 30. Re1 gxf3 31. gxf3 Rbd8 32. Qxe6 Rde8 33. Qd6 Rg8+ 34. Bg3 Qh3 35. Nf7+ Kg7 36. Ng5 Qh5 37. Ne6+ Kh8 38. Kf2 Rg6 39. Nf4 Nxf4 40. exf4 Reg8 41. Re6 R6g7 42. Rxf6 Rxg3 43. hxg3 Qh2+ 44. Ke3 Qxg3 45. Qe5 Qg7 46. Re6 1-0


[Site "https://www.chess.com"]

[Event "Titled Tuesday Blitz July 18 Early 2023"]
[White "Skuhala, Barbara"]
[Black "Alex_Sahakyan2006"]
[WhiteFideId "14605465"]
[WhiteElo "2432"]
[BlackElo "2695"]
[Result "0-1"]
[Round "2"]
[TimeControl "180+2"]
[Date "2023.07.18"]
[WhiteClock "0:00:43"]
[BlackClock "0:00:18"]
[Board "82"]

1. e4 e5 2. Nf3 Nc6 3. d4 exd4 4. Nxd4 Qh4 5. Nc3 Bb4 6. Nxc6 Qxe4+ 7. Be2 Qxc6 8. O-O Ne7 9. Bf3 Qg6 10. Re1 O-O 11. Be4 Qf6 12. Be3 Bxc3 13. bxc3 d5 14. Bd4 Qh4 15. g3 Qh6 16. Bxh7+ Qxh7 17. Rxe7 c6 18. Qe2 Bf5 19. Rxb7 Bxc2 20. Re1 Qg6 21. Bxa7 Rfe8 22. Re7 Rxe7 23. Qxe7 Be4 24. Bd4 Qg4 25. Qe5 f6 26. Qf4 Qxf4 27. gxf4 Rxa2 28. h4 Kf7 29. Kh2 Rc2 30. Ra1 Ke6 31. Ra6 Kf5 32. Rxc6 Rc1 33. Rc7 g6 34. f3 Bxf3 35. Rf7 Kg4 0-1


[Site "https://www.chess.com"]

[Event "Titled Tuesday Blitz July 18 Early 2023"]
[White "Eugene, Floryan"]
[Black "Todorovic, Bojan"]
[WhiteFideId "20694784"]
[BlackFideId "917087"]
[WhiteElo "2695"]
[BlackElo "2431"]
[Result "1-0"]
[Round "2"]
[TimeControl "180+2"]
[Date "2023.07.18"]
[WhiteClock "0:00:17"]
[BlackClock "0:00:00"]
[Board "83"]

1. d4 g6 2. c4 Bg7 3. Nf3 d6 4. Nc3 c6 5. e4 Bg4 6. Be2 Nd7 7. Be3 Ngf6 8. O-O O-O 9. Qd2 a6 10. a4 a5 11. h3 Bxf3 12. Bxf3 e5 13. d5 Nc5 14. Rad1 Qb6 15. dxc6 bxc6 16. Qxd6 Qxb2 17. Qxc5 Qxc3 18. Rc1 Qb4 19. Qxc6 Rfc8 20. Qb5 Rab8 21. Qxb4 Rxb4 22. c5 Nxe4 23. c6 Nd6 24. Bc5 Rd4 25. Bxd4 exd4 26. Be2 Ne4 27. c7 Nc3 28. Bd3 Rxc7 29. Rfe1 h5 30. Kf1 Rb7 31. Re8+ Kh7 32. Ra8 Bh6 33. Re1 Bd2 34. Ree8 Rb3 35. g4 hxg4 36. hxg4 Ra3 37. g5 Bxg5 38. Rxa5 Ra1+ 39. Kg2 Bh4 40. Rh5+ Kg7 41. Rxh4 Rxa4 42. Rc8 Nd5 43. Rd8 Ra5 44. Rxd4 Nf6 45. Rb8 Nh5 46. Rb7 Rg5+ 47. Kf1 1-0


[Site "https://www.chess.com"]

[Event "Titled Tuesday Blitz July 18 Early 2023"]
[White "Herzog2012"]
[Black "2KRK1"]
[WhiteElo "2419"]
[BlackElo "2686"]
[Result "0-1"]
[Round "2"]
[TimeControl "180+2"]
[Date "2023.07.18"]
[WhiteClock "0:00:00"]
[BlackClock "0:00:08"]
[Board "84"]

1. e4 Nf6 2. e5 Nd5 3. c4 Nb6 4. d4 d6 5. exd6 exd6 6. Nc3 Be7 7. Bd3 O-O 8. Nge2 Nc6 9. O-O Bg4 10. d5 Ne5 11. b3 Nxd3 12. Qxd3 Bf6 13. Bb2 Re8 14. Nd4 Nd7 15. Ne4 Nc5 16. Nxf6+ Qxf6 17. Qc2 Qg6 18. Qxg6 hxg6 19. f3 Bd7 20. Rad1 Re7 21. Rfe1 Rae8 22. Rxe7 Rxe7 23. Kf2 a5 24. Bc3 b6 25. g4 f6 26. h4 Kf7 27. Rd2 Bxg4 28. Re2 Rxe2+ 29. Nxe2 Bd7 30. Ke3 Nb7 31. Nd4 Nd8 32. a3 Ke7 33. b4 axb4 34. axb4 Nf7 35. f4 Nh6 36. Kf3 Bf5 37. Nc6+ Kf7 38. Nd4 Ke7 39. Nc6+ Kd7 40. Nb8+ Ke8 41. Na6 Kd8 42. Nb8 Bd7 43. Nc6+ Bxc6 44. dxc6 Nf5 45. Kg4 Ne3+ 46. Kf3 Nxc4 47. Kg4 Ke7 48. h5 gxh5+ 49. Kxh5 Kf7 50. Kg4 Ne3+ 51. Kf3 Nd5 52. Bd2 Ke6 53. Ke4 g6 54. b5 Ne7 55. Be3 Nf5 56. Bf2 d5+ 57. Kd3 Nd6 58. Bxb6 cxb6 59. c7 Nc8 60. Kd4 Kd6 0-1


[Site "https://www.chess.com"]

[Event "Titled Tuesday Blitz July 18 Early 2023"]
[White "KorolDimitriy75"]
[Black "Dimitrov, Atanas"]
[BlackFideId "2901315"]
[WhiteElo "2415"]
[BlackElo "2678"]
[Result "0-1"]
[Round "2"]
[TimeControl "180+2"]
[Date "2023.07.18"]
[WhiteClock "0:00:00"]
[BlackClock "0:00:11"]
[Board "85"]

1. d4 Nf6 2. c4 g6 3. Nc3 d5 4. cxd5 Nxd5 5. e4 Nxc3 6. bxc3 Bg7 7. Nf3 O-O 8. Rb1 c5 9. Be2 cxd4 10. cxd4 b6 11. O-O Bb7 12. Qd3 Nd7 13. Ba3 Rc8 14. Rbc1 Nf6 15. d5 Re8 16. Nd4 Qd7 17. h3 e6 18. Qe3 a6 19. dxe6 fxe6 20. Rcd1 Qa4 21. Bf3 Nd7 22. Bg4 Kh8 23. Nxe6 Bf6 24. Ng5 Bc6 25. Nf7+ Kg7 26. Nd6 Rcd8 27. Nxe8+ Rxe8 28. Rd3 Rxe4 29. Qd2 Ne5 30. Rb3 Nc4 31. Qc2 Nxa3 32. Qc1 Nc4 33. Bf3 Re6 0-1


[Site "https://www.chess.com"]

[Event "Titled Tuesday Blitz July 18 Early 2023"]
[White "Itgelt, Khuyagtsogt"]
[Black "Rian, Kapriaga"]
[WhiteFideId "4902912"]
[BlackFideId "7103263"]
[WhiteElo "2678"]
[BlackElo "2395"]
[Result "1-0"]
[Round "2"]
[TimeControl "180+2"]
[Date "2023.07.18"]
[WhiteClock "0:00:11"]
[BlackClock "0:00:06"]
[Board "86"]

1. d4 Nf6 2. c4 e6 3. Nf3 d5 4. g3 Bb4+ 5. Bd2 a5 6. Bg2 dxc4 7. Qc2 b6 8. Bxb4 axb4 9. Qxc4 Qe7 10. Ne5 Ra7 11. Bc6+ Bd7 12. Nxd7 Nbxd7 13. O-O O-O 14. Nd2 Nb8 15. Bg2 Rd8 16. Rfc1 c5 17. Nb3 Na6 18. dxc5 bxc5 19. Na5 Nb8 20. Nb3 Rc7 21. Rd1 Rxd1+ 22. Rxd1 Nbd7 23. h3 h5 24. a4 bxa3 25. bxa3 Ra7 26. a4 Nb6 27. Qb5 Nxa4 28. Qb8+ Kh7 29. Rd8 c4 30. Rh8+ Kg6 31. Nd4 Rd7 32. Qb1+ Kg5 33. f4# 1-0


[Site "https://www.chess.com"]

[Event "Titled Tuesday Blitz July 18 Early 2023"]
[White "Tarasova, Viktoriya"]
[Black "Tica, Sven"]
[WhiteFideId "4175840"]
[BlackFideId "14526948"]
[WhiteElo "2375"]
[BlackElo "2678"]
[Result "1/2-1/2"]
[Round "2"]
[TimeControl "180+2"]
[Date "2023.07.18"]
[WhiteClock "0:00:14"]
[BlackClock "0:00:54"]
[Board "87"]

1. d4 g6 2. c4 Bg7 3. e4 c5 4. d5 e5 5. Nc3 d6 6. g3 Ne7 7. Bg2 O-O 8. Nge2 f5 9. O-O Nd7 10. f4 Rb8 11. Nb5 Qb6 12. a4 a5 13. Bd2 fxe4 14. Bxe4 Nf6 15. Bg2 e4 16. Nec3 Bf5 17. h3 h5 18. Re1 Rbe8 19. Ra3 Nc8 20. Nb1 Qd8 21. Rae3 Re7 22. N1c3 Rfe8 23. Kh2 Qd7 24. Qe2 Nb6 25. b3 Na8 26. Bc1 Nc7 27. Bb2 Nxb5 28. Nxb5 b6 29. Bc3 Kf7 30. Qb2 Rf8 31. Qe2 Bh6 32. Bxf6 Kxf6 33. Nc3 h4 34. Nxe4+ Bxe4 35. Rxe4 hxg3+ 36. Kxg3 Rfe8 37. Rxe7 Rxe7 38. Qxe7+ Qxe7 39. Rxe7 Kxe7 40. Be4 Kf6 41. Kg4 Bf8 42. Bd3 Bg7 43. Be4 Bf8 44. Bd3 Bg7 45. Be4 Bf8 1/2-1/2


[Site "https://www.chess.com"]

[Event "Titled Tuesday Blitz July 18 Early 2023"]
[White "Fajdetic, Hrvoje"]
[Black "Nouri, Alekhine"]
[WhiteFideId "14501945"]
[BlackFideId "5216184"]
[WhiteElo "2373"]
[BlackElo "2678"]
[Result "0-1"]
[Round "2"]
[TimeControl "180+2"]
[Date "2023.07.18"]
[WhiteClock "0:00:01"]
[BlackClock "0:00:06"]
[Board "88"]

1. d4 Nf6 2. Bf4 g6 3. Nc3 d5 4. e3 Bg7 5. h4 O-O 6. h5 Nxh5 7. Rxh5 gxh5 8. Qxh5 c5 9. Bd3 f5 10. Nf3 Nc6 11. O-O-O Qe8 12. Qxe8 Rxe8 13. Nxd5 Rf8 14. Nc7 Rb8 15. Bc4+ Kh8 16. dxc5 e5 17. Bg3 f4 18. Bh4 Bg4 19. exf4 e4 20. Ng5 Bxd1 21. Kxd1 Rxf4 22. Bg3 Rf5 23. Nce6 Be5 24. Nxe4 Bxg3 25. fxg3 Ne5 26. Nd6 Rf6 27. Bd5 Nd7 28. b4 Ne5 29. Kd2 Nc6 30. Kc3 a6 31. a4 a5 32. b5 Nb4 33. Bc4 Rf2 34. Ng5 h6 35. Ngf7+ Kg7 36. Ne5 Rxg2 37. Nd3 Nxd3 38. cxd3 Kf6 39. c6 bxc6 40. bxc6 Ke5 41. c7 Rf8 42. c8=Q Rxc8 43. Nxc8 Rxg3 44. Nb6 h5 45. Nd7+ Kf5 46. Nc5 h4 47. Bd5 h3 48. Ne4 Rg2 49. Nd2 Rf2 50. Be4+ Kf4 51. d4 Rxd2 52. Kxd2 Kxe4 53. Ke2 h2 54. Kf2 h1=Q 0-1


[Site "https://www.chess.com"]

[Event "Titled Tuesday Blitz July 18 Early 2023"]
[White "Koshulyan, Egor A."]
[Black "Glavina, Pablo"]
[WhiteFideId "24237000"]
[BlackFideId "100234"]
[WhiteElo "2676"]
[BlackElo "2359"]
[Result "0-1"]
[Round "2"]
[TimeControl "180+2"]
[Date "2023.07.18"]
[WhiteClock "0:00:00"]
[BlackClock "0:01:22"]
[Board "89"]

1. e4 c6 2. d4 d5 3. e5 Bf5 4. Nf3 e6 5. Ke2 c5 6. c3 Nc6 7. Ke1 Qb6 8. Be2 Nge7 9. h3 Ng6 10. Kf1 O-O-O 11. Kg1 Be4 12. Kh2 Bxf3 13. Bxf3 cxd4 14. cxd4 Qxd4 15. Qc2 Nxe5 16. Be2 Bd6 17. Kg1 Kb8 18. Be3 Qb4 19. a3 Qa5 20. Nd2 Rc8 21. Nb3 Qa4 22. Qd1 Rhd8 23. Rc1 Nc4 24. Bc5 Nxb2 25. Qc2 Bxc5 26. Nxc5 Qxc2 27. Rxc2 Nd4 28. Rxb2 Rxc5 29. Kh2 Rc2 30. Rxc2 Nxc2 31. Bd3 Nd4 32. Rd1 Nc6 33. h4 g6 34. g4 e5 35. Kg3 e4 36. Be2 Kc7 37. h5 g5 38. f4 f6 39. fxg5 fxg5 40. Rg1 d4 41. Rf1 d3 42. Bd1 e3 0-1


[Site "https://www.chess.com"]

[Event "Titled Tuesday Blitz July 18 Early 2023"]
[White "Begmuratov, Alisher"]
[Black "Gutkin, Ilya"]
[WhiteFideId "14203367"]
[BlackFideId "16203470"]
[WhiteElo "2675"]
[BlackElo "2348"]
[Result "1-0"]
[Round "2"]
[TimeControl "180+2"]
[Date "2023.07.18"]
[WhiteClock "0:02:19"]
[BlackClock "0:01:41"]
[Board "90"]

1. Nf3 d5 2. b3 Nc6 3. Bb2 Bg4 4. d4 e6 5. e3 Nf6 6. Be2 Bd6 7. O-O O-O 8. Nbd2 Ne4 9. c4 f5 10. Nxe4 fxe4 11. Ne5 Bxe2 12. Qxe2 Bxe5 13. dxe5 dxc4 14. Qxc4 Qd5 15. Qc2 Nxe5 16. Qxc7 Rf5 17. Rad1 Qc6 18. Bxe5 1-0


[Site "https://www.chess.com"]

[Event "Titled Tuesday Blitz July 18 Early 2023"]
[White "ExchangeAB"]
[Black "gau_npukyputb"]
[WhiteElo "2324"]
[BlackElo "2675"]
[Result "0-1"]
[Round "2"]
[TimeControl "180+2"]
[Date "2023.07.18"]
[WhiteClock "0:00:06"]
[BlackClock "0:01:47"]
[Board "91"]

1. d4 Nc6 2. Nf3 d5 3. Bf4 Bg4 4. e3 e6 5. Be2 Bd6 6. Bxd6 cxd6 7. h3 Bh5 8. O-O Nf6 9. c4 Bxf3 10. Bxf3 dxc4 11. d5 Ne5 12. dxe6 fxe6 13. Bxb7 Rb8 14. Qa4+ Qd7 15. Qxd7+ Kxd7 16. Bf3 Rxb2 17. Nc3 Rhb8 18. a4 Rc2 19. Nb5 a6 20. Nd4 Rd2 21. Rab1 Rbb2 22. Rxb2 Rxb2 23. Rc1 d5 24. Be2 Nc6 25. Nxc6 Kxc6 26. Bd1 Kc5 27. Bc2 e5 28. g4 h6 29. Bg6 d4 30. Kf1 Nd5 31. Bd3 c3 32. Bxa6 Nb4 33. Bb5 c2 34. exd4+ exd4 35. Ke1 Na2 36. Kd2 Nxc1 37. Kxc1 Ra2 38. Bd3 Rxa4 39. Bxc2 Ra1+ 40. Kd2 Rh1 0-1


[Site "https://www.chess.com"]

[Event "Titled Tuesday Blitz July 18 Early 2023"]
[White "Rychagov, Andrey"]
[Black "San Thit Lwin"]
[WhiteFideId "4119932"]
[BlackFideId "13001272"]
[WhiteElo "2672"]
[BlackElo "2320"]
[Result "1-0"]
[Round "2"]
[TimeControl "180+2"]
[Date "2023.07.18"]
[WhiteClock "0:01:23"]
[BlackClock "0:00:13"]
[Board "92"]

1. d4 Nf6 2. c4 c5 3. d5 e6 4. Nc3 exd5 5. cxd5 d6 6. Nf3 g6 7. Bf4 Bg7 8. e3 a6 9. a4 O-O 10. h3 Re8 11. Nd2 Qc7 12. Be2 Nbd7 13. Nc4 Bf8 14. O-O Rb8 15. a5 b5 16. axb6 Nxb6 17. Na5 c4 18. Qd2 Bd7 19. Rfc1 Bb5 20. Bf3 Nbd7 21. Nc6 Rb7 22. b3 cxb3 23. Nxb5 Rxb5 24. Ne7+ Bxe7 25. Rxc7 b2 26. Rb1 Nc5 27. Rxb2 Rxb2 28. Qxb2 Nd3 29. Qb7 Bd8 30. Rxf7 Nxf4 1-0


[Site "https://www.chess.com"]

[Event "Titled Tuesday Blitz July 18 Early 2023"]
[White "Nagare Kaivalya Sandip"]
[Black "Da Matta, Eduardo Cesar"]
[WhiteFideId "25957929"]
[BlackFideId "2193108"]
[WhiteElo "2668"]
[BlackElo "2318"]
[Result "1-0"]
[Round "2"]
[TimeControl "180+2"]
[Date "2023.07.18"]
[WhiteClock "0:00:21"]
[BlackClock "0:00:00"]
[Board "93"]

1. e4 c5 2. Nf3 d6 3. d4 cxd4 4. Nxd4 Nf6 5. Nc3 Nc6 6. Bg5 e6 7. Qd2 a6 8. O-O-O Bd7 9. Kb1 Be7 10. f3 Nxd4 11. Qxd4 h5 12. Qd2 b5 13. h4 b4 14. Ne2 a5 15. Nd4 a4 16. Nb5 Bxb5 17. Bxb5+ Kf8 18. e5 dxe5 19. Qxd8+ Rxd8 20. Rxd8+ Bxd8 21. Bxa4 Be7 22. Rd1 Nd5 23. Bb3 Bxg5 24. hxg5 Ke7 25. Bxd5 Rd8 26. f4 exd5 27. fxe5 Ke6 28. Rf1 Rd7 29. a4 bxa3 30. bxa3 Kxe5 31. Kb2 Ke4 32. a4 Rb7+ 33. Kc3 d4+ 34. Kd2 Ra7 35. g3 Ke5 36. Ra1 Kf5 37. Kd3 Kxg5 38. Kxd4 Kg4 39. c4 Kxg3 40. Kc5 h4 41. Kb6 Ra8 42. c5 h3 43. a5 h2 44. a6 g5 45. Kb7 Rh8 46. c6 h1=Q 47. Rxh1 Rxh1 48. c7 Rb1+ 49. Kc6 Rc1+ 50. Kd7 Rd1+ 51. Ke8 Re1+ 52. Kf8 Rc1 53. a7 Rxc7 54. a8=Q 1-0


[Site "https://www.chess.com"]

[Event "Titled Tuesday Blitz July 18 Early 2023"]
[White "AndresDelgado77"]
[Black "benny_aizenberg"]
[WhiteElo "2317"]
[BlackElo "2662"]
[Result "1-0"]
[Round "2"]
[TimeControl "180+2"]
[Date "2023.07.18"]
[WhiteClock "0:00:06"]
[BlackClock "0:00:03"]
[Board "94"]

1. e4 c5 2. Nf3 d6 3. d4 cxd4 4. Qxd4 Nc6 5. Bb5 Bd7 6. Qd3 Nf6 7. Nc3 Rc8 8. Bg5 Nb4 9. Bxd7+ Qxd7 10. Qe2 e6 11. Rd1 Qc6 12. a3 Na6 13. O-O Be7 14. e5 dxe5 15. Nxe5 Qb6 16. Be3 Qxb2 17. Bd4 O-O 18. Nc4 Rxc4 19. Qxc4 Qxc2 20. Rc1 Qf5 21. Qb5 Bxa3 22. Qxf5 exf5 23. Rb1 Nc5 24. Nb5 Ne6 25. Bxf6 Bc5 26. Bd4 Nxd4 27. Nxd4 Bxd4 28. Rxb7 g6 29. Rd1 Bb6 30. Rdd7 Kg7 31. g3 h5 32. h4 Kf6 33. Kg2 Ke6 34. Kf3 Bc5 35. Rdc7 Bb6 36. Rc6+ Kd5 37. Rc2 Kd6 38. Rd2+ Ke6 39. Rdd7 Kf6 40. Rd6+ Ke5 41. Rdd7 Ke6 42. Ke2 f4 43. Re7+ Kf6 44. gxf4 Bc5 45. Rec7 Bb6 46. Rc6+ Kf5 47. Kf3 f6 48. Rd7 g5 49. Rd5+ Kg6 50. hxg5 Kg7 51. Rxf6 Rxf6 52. gxf6+ Kxf6 53. Rxh5 Bd4 54. Rb5 a6 55. Rb7 a5 56. Rb5 Bc3 57. Ke4 Be1 58. Kd3 Bb4 59. Ke4 Be1 60. Rb6+ Kf7 61. f5 Bc3 62. Kf4 Ke7 63. Kg5 Kf7 64. Rb7+ Kf8 65. f4 Ke8 66. f6 a4 67. Ra7 a3 68. Rxa3 Bb2 69. Ra7 Kf8 70. Rb7 Bc3 71. Kg6 Ke8 72. f7+ Kf8 73. Rb8+ Ke7 74. f8=Q+ Kd7 75. Qd8+ Ke6 76. Qc8+ Kd6 77. Qxc3 Kd5 78. Rb2 Ke6 79. Rd2 Ke7 80. Qe3+ Kf8 81. Rd8# 1-0


[Site "https://www.chess.com"]

[Event "Titled Tuesday Blitz July 18 Early 2023"]
[White "Aaditya Dhingra"]
[Black "Martin, Lewis"]
[WhiteFideId "25678191"]
[BlackFideId "410551"]
[WhiteElo "2662"]
[BlackElo "2308"]
[Result "1-0"]
[Round "2"]
[TimeControl "180+2"]
[Date "2023.07.18"]
[WhiteClock "0:00:26"]
[BlackClock "0:00:11"]
[Board "95"]

1. d4 d5 2. Bf4 Nf6 3. e3 e6 4. Nd2 c5 5. c3 Nc6 6. Ngf3 Bd6 7. Bg3 O-O 8. Bb5 Ne7 9. Bd3 c4 10. Bc2 b5 11. O-O a5 12. e4 Bxg3 13. hxg3 dxe4 14. Ng5 h6 15. Ngxe4 Nxe4 16. Nxe4 Nd5 17. Qe2 Ba6 18. Nc5 Qd6 19. Rad1 Rfe8 20. Qe4 Nf6 21. Qe5 Red8 22. Rfe1 b4 23. Qxd6 Rxd6 24. Be4 Rb8 25. Bf3 bxc3 26. bxc3 Rb2 27. Rb1 Rxa2 28. Rb8+ Kh7 29. Reb1 Ra3 30. Ra8 Rxc3 31. Rxa6 Rxd4 32. Rxa5 Rd2 33. Ne4 Nxe4 34. Bxe4+ f5 35. Bf3 Rcc2 36. g4 Rxf2 37. gxf5 exf5 38. Rxf5 Rcd2 39. Be4 Rxf5 40. Bxf5+ g6 41. Rb7+ Kg8 42. Bxg6 c3 43. Rc7 c2 44. Bxc2 Kf8 45. Kh2 Ke8 46. Bf5 Kd8 47. Rc6 h5 48. Rh6 Ke7 49. Rxh5 Kf6 50. Bh3 Kg6 51. Rf5 Rd3 52. Rf3 Rd4 53. g4 Kg5 54. Kg3 Rd1 55. Rf5+ Kh6 56. Bg2 Rd3+ 57. Bf3 Ra3 58. Kh4 Kg7 59. Kg5 Ra7 60. Bd5 Ra6 61. Rf7+ Kh8 62. Kh5 Rb6 63. g5 Rd6 64. Rf5 Rh6+ 65. gxh6 Kh7 66. Rf7+ Kh8 67. Rf8+ Kh7 68. Be4# 1-0


[Site "https://www.chess.com"]

[Event "Titled Tuesday Blitz July 18 Early 2023"]
[White "Galiot, Goran"]
[Black "Barwinska, Ewa"]
[WhiteFideId "931560"]
[BlackFideId "21833761"]
[WhiteElo "2661"]
[BlackElo "2289"]
[Result "1-0"]
[Round "2"]
[TimeControl "180+2"]
[Date "2023.07.18"]
[WhiteClock "0:01:12"]
[BlackClock "0:00:00"]
[Board "96"]

1. d4 d5 2. c4 e6 3. Nf3 Nf6 4. Bg5 Nbd7 5. e3 c6 6. Nc3 Qa5 7. Nd2 Bb4 8. Qc2 h6 9. Bh4 O-O 10. Bd3 Bxc3 11. bxc3 b5 12. c5 Qc7 13. Bg3 e5 14. Nf3 Re8 15. Nxe5 Nxe5 16. Bxe5 Rxe5 17. dxe5 Qxe5 18. h3 Qg5 19. f4 Qh5 20. O-O Bxh3 21. gxh3 Qxh3 22. Bf5 Qxe3+ 23. Qf2 Qxc3 24. Rac1 Qa3 25. Rce1 Rd8 26. Re3 Qb4 27. Rg3 Nh5 28. Rg2 d4 29. Qh4 g6 30. Qxh5 Qxc5 31. Bxg6 1-0


[Site "https://www.chess.com"]

[Event "Titled Tuesday Blitz July 18 Early 2023"]
[White "Zaim, Marian"]
[Black "Shuvalova, Polina"]
[WhiteFideId "1204114"]
[BlackFideId "24171760"]
[WhiteElo "2274"]
[BlackElo "2658"]
[Result "1-0"]
[Round "2"]
[TimeControl "180+2"]
[Date "2023.07.18"]
[WhiteClock "0:00:37"]
[BlackClock "0:00:02"]
[Board "97"]

1. d4 Nf6 2. c4 b6 3. g3 Bb7 4. Nf3 e6 5. Bg2 Be7 6. O-O O-O 7. Nc3 Ne4 8. Qc2 Nxc3 9. Qxc3 d6 10. b3 Nd7 11. Bb2 f5 12. Nd2 Bxg2 13. Kxg2 Nf6 14. f3 g5 15. e4 Qe8 16. Rae1 Qf7 17. Re2 Rae8 18. exf5 exf5 19. Rfe1 Bd8 20. d5 h5 21. Nf1 Rxe2+ 22. Rxe2 Re8 23. Rxe8+ Qxe8 24. Qe3 Qxe3 25. Nxe3 f4 26. gxf4 gxf4 27. Nf5 Nd7 28. Bc1 Bf6 29. Bxf4 Kf7 30. Be3 Kg6 31. Nd4 Bxd4 32. Bxd4 Kf5 33. Kf2 a5 34. Ke3 Nf8 35. Bg7 Ng6 36. Bh6 Ne5 37. h4 Nf7 38. Bf8 Kf6 39. f4 Nh8 40. Bh6 Kf5 41. Bg5 Ng6 42. Kf3 Nf8 43. Bd8 Ng6 44. Bxc7 Nxh4+ 45. Kg3 Ng6 46. Bxd6 h4+ 47. Kf3 Nh8 48. Bc7 Ng6 49. d6 Ke6 50. Bxb6 Kxd6 51. Bxa5 Ne7 52. Kg4 Nc6 53. Bc3 Ke6 54. Kxh4 Kf5 55. Kg3 Nd8 56. Kf3 Ne6 57. Be5 Nc5 58. b4 Nd3 59. b5 Ke6 60. Ke3 Nc5 61. Kd4 Na4 62. c5 Kd7 63. Kc4 Ke6 64. Kb4 1-0


[Site "https://www.chess.com"]

[Event "Titled Tuesday Blitz July 18 Early 2023"]
[White "Haug, Havard"]
[Black "Luxama, Jacques Muller"]
[WhiteFideId "1547887"]
[BlackFideId "11900113"]
[WhiteElo "2657"]
[BlackElo "2247"]
[Result "1-0"]
[Round "2"]
[TimeControl "180+2"]
[Date "2023.07.18"]
[WhiteClock "0:00:36"]
[BlackClock "0:00:00"]
[Board "98"]

1. e4 e6 2. d4 d5 3. e5 c5 4. c3 Ne7 5. Na3 Nec6 6. Nc2 b6 7. Nf3 a5 8. b3 cxd4 9. Ncxd4 Ba6 10. Bxa6 Rxa6 11. Qd3 Ra7 12. O-O Be7 13. Bf4 O-O 14. Rfd1 Nxd4 15. Nxd4 Rc7 16. Rac1 Qd7 17. Qe2 Rfc8 18. Nb5 Rc5 19. c4 Na6 20. h3 Nb4 21. a3 Na6 22. Be3 R5c6 23. Nd4 Bxa3 24. Ra1 Bc5 25. Nxc6 Bxe3 26. cxd5 Bxf2+ 27. Qxf2 exd5 28. Nd4 Nc5 29. Rac1 Re8 30. Qf5 Qxf5 31. Nxf5 Rxe5 32. Rxd5 Rxd5 33. Ne7+ Kf8 34. Nxd5 b5 35. Rxc5 1-0


[Site "https://www.chess.com"]

[Event "Titled Tuesday Blitz July 18 Early 2023"]
[White "Da Silva Junior, Sediney Mari"]
[Black "Spata, German"]
[WhiteFideId "2132079"]
[BlackFideId "113026"]
[WhiteElo "2180"]
[BlackElo "2651"]
[Result "0-1"]
[Round "2"]
[TimeControl "180+2"]
[Date "2023.07.18"]
[WhiteClock "0:01:17"]
[BlackClock "0:01:18"]
[Board "99"]

1. e4 e6 2. Nf3 d5 3. e5 a5 4. d4 c5 5. c3 Nc6 6. Bd3 Qb6 7. dxc5 Bxc5 8. O-O Nge7 9. a4 Ng6 10. Qe2 Bd7 11. Na3 O-O 12. h4 Qc7 13. Nb5 Qb8 14. Bxg6 fxg6 15. Be3 b6 16. Bd4 Ne7 17. Rad1 Bxb5 18. Qxb5 Qe8 19. Ng5 Nf5 20. Qxe8 Rfxe8 21. g3 Bxd4 22. cxd4 Rac8 23. Rc1 Nxd4 24. Rxc8 Rxc8 25. Rd1 h6 26. Rxd4 hxg5 27. b4 Rc4 28. Rxc4 dxc4 29. Kf1 axb4 30. hxg5 b3 31. Ke1 b2 0-1


[Site "https://www.chess.com"]

[Event "Titled Tuesday Blitz July 18 Early 2023"]
[White "Zomorrodian, Eilia"]
[Black "Levitan, Ronit"]
[WhiteFideId "12551805"]
[BlackFideId "2815109"]
[WhiteElo "2643"]
[BlackElo "2172"]
[Result "1-0"]
[Round "2"]
[TimeControl "180+2"]
[Date "2023.07.18"]
[WhiteClock "0:00:54"]
[BlackClock "0:00:10"]
[Board "100"]

1. e4 e5 2. Nf3 Nc6 3. Bc4 Bc5 4. d3 Nf6 5. c3 d6 6. Nbd2 h6 7. Nf1 O-O 8. Ng3 Bb6 9. O-O a5 10. Bb3 Be6 11. h3 Qd7 12. Nh4 Ne7 13. Qf3 d5 14. Bxh6 Bxh3 15. gxh3 Qxh3 16. Bg5 a4 17. Bxf6 gxf6 18. Ngf5 Qxf3 19. Nxe7+ Kh7 20. Nxf3 axb3 21. axb3 Rae8 22. Nxd5 Rg8+ 23. Kh1 Rg6 24. Rg1 Bxf2 25. Rxg6 Kxg6 26. Kg2 Bc5 27. Nxc7 Rg8 28. Nd5 Kh5+ 29. Kf1 Rg3 30. Ne1 Rg1+ 31. Ke2 Kg5 32. Ra8 Kh6 33. Nxf6 Rh1 34. Rh8+ 1-0


[Site "https://www.chess.com"]